 Dungeon Crawl Stone Soup version 0.30.0-29-ga12c61a403 (webtiles) character file.

Game seed: 10962478565423520312

63 Peloso the Shield-Bearer (level 3, 0/33 HPs)
             Began as a Minotaur Fighter on June 7, 2023.
             Slain by a frilled lizard (3 damage)
             ... on level 3 of the Dungeon.
             The game lasted 00:03:09 (1174 turns).

Peloso the Shield-Bearer (Minotaur Fighter)         Turns: 1174, Time: 00:03:09

Health: 0/33       AC:  9    Str: 18 (20) XL:     3   Next: 89%
Magic:  2/2        EV:  9    Int:  2 (5)  God:
Gold:   49         SH:  4    Dex:  8 (11) Spells: 2/2 levels left

rFire   . . .        a - +0 long sword
rCold   . . .        d - +0 buckler
rNeg    . . .        b - +1 scale mail
rPois   .            (helmet restricted)
rElec   .            (no cloak)
rCorr   .            c - +0 pair of gloves
SInv    .            (no boots)
Will    .....        (no amulet) Stlth
                     (no ring)
HPRegen 0.25/turn    (no ring)
MPRegen 0.08/turn

%: no passive effects
@: lethally poisoned (0 -> -3)
A: horns 2, retaliatory headbutt
a: no special abilities


You were on level 3 of the Dungeon.
You visited 1 branch of the dungeon, and saw 3 of its levels.

You collected 49 gold pieces.

Inventory:

Hand Weapons
 a - a +0 long sword (weapon)
Missiles
 f - 2 throwing nets (quivered)
Armour
 b - a +1 scale mail (worn)
 c - a +0 pair of gloves (worn)
 d - a +0 buckler (worn)
Potions
 g - a potion of cancellation {unknown}
 h - a potion of might


   Skills:
 + Level 3.8 Fighting
 + Level 3.7 Long Blades
 + Level 4.1 Armour
 + Level 1.1 Dodging
 + Level 4.2 Shields


You had 2 spell levels left.
You didn't know any spells.
Your spell library was empty.

Dungeon Overview and Level Annotations

Branches:
Dungeon (3/15)

Altars:


Innate Abilities, Weirdness & Mutations

You have a pair of horns on your head.
You reflexively headbutt those who attack you in melee.


Message History

The gnoll is lightly wounded.
The adder completely misses you. The gnoll hits you with a +0 spear.
The adder closely misses you. The goblin barely misses you.
You closely miss the gnoll.
The gnoll is lightly wounded.
The hound bites you. The adder bites you but does no damage.
The gnoll closely misses you. The goblin hits you with a +0 club.
The hound bites you but does no damage.
You completely miss the gnoll.
The gnoll is lightly wounded.
The adder bites you. The hound closely misses you.
The jackal completely misses you. The gnoll closely misses you.
The goblin misses you. The adder barely misses you.
A worm comes into view.
The hound bites you. The adder attacks as you move away!
The adder bites you but does no damage. The hound attacks as you move away!
The hound bites you.
* * * LOW HITPOINT WARNING * * *
The gnoll hits you but does no damage. The jackal barely misses you.
Unknown command.
The gnoll attacks as you move away!
The gnoll hits you but does no damage. x2
The jackal barely misses you. The adder bites you.
* * * LOW HITPOINT WARNING * * *
You are lethally poisoned!
The adder poisons you!
Unknown command.
The adder attacks as you move away! The adder bites you but does no damage.
* * * LOW HITPOINT WARNING * * *
You feel sick.
The jackal bites you but does no damage.
The frilled lizard attacks as you move away!
The frilled lizard closely misses you.
* * * LOW HITPOINT WARNING * * *
You feel sick. The hound barely misses you.
It was a potion of degeneration.
There was something very wrong with that liquid.
You feel weakened.
You feel dopey.
You feel clumsy.
* * * LOW HITPOINT WARNING * * *
You feel sick. The gnoll barely misses you. The frilled lizard bites you.
You die...

...... #. .....#
#.# ....# ....
....#
#w.###.#.### .w
......... ...
#.#S#.#####.
....##..l@.......
........h#######.
.....#.ghh..<#..
#### #?.r......#
#...#.....#
#...[......
.....####...
....... ...
......### #


You could see a hound, a gnoll, an adder, a jackal, a frilled lizard and a rat.

Vanquished Creatures
  An adder (D:2)
  3 gnolls
  A dart slug (D:1)
  3 endoplasms (D:1)
  A giant cockroach (D:1)
  3 goblins
  2 hobgoblins (D:1)
  5 bats (D:1)
  4 frilled lizards
  3 kobolds (D:1)
  A rat (D:2)
27 creatures vanquished.

Notes
Turn   | Place    | Note
-------+----------+-------------------------------------------
     0 | D:1      | Peloso the Minotaur Fighter began the quest for the Orb.
     0 | D:1      | Reached XP level 1. HP: 19/19 MP: 0/0
   307 | D:1      | Reached XP level 2. HP: 26/26 MP: 1/1
  1017 | D:1      | Reached XP level 3. HP: 31/33 MP: 2/2
  1031 | D:1      | Reached skill level 1 in Dodging
  1174 | D:3      | Slain by a frilled lizard

Illustrated notes

Levels and vault maps discovered:
D:1:      heliophobic_arrival_dark_side_of_the_moon, layout_basic
D:2:      layout_loops_ring
D:3:      layout_basic, gammafunk_temple_overflow_statue,
          shapermc_ecumenical_altar_mp_highgroup

Skill      XL: |  1  2  3 |
---------------+----------+-----
Shields        | 4 |  4.2
Long Blades    | 3 |  3.7
Dodging        | 1 |  1.1
Armour         | 4 |  4.1
Fighting       | |  3.8

Action                     || total
---------------------------++-------
  Melee: Long sword        ||    75
         Headbutt          ||     8
    Use: Scroll            ||     2
         Potion            ||     1
 Armour: Scale mail        ||    48
  Dodge: Dodged            ||    60
  Block: Buckler           ||    31
